 Dungeon Crawl Stone Soup version 0.29-a0-270-g1586fc07ea (webtiles) character file.

Game seed: 9075385370796552613

2305 Zonian the Tainted (level 9, -8/57 HPs)
             Began as a Demonspawn Ice Elementalist on Mar 7, 2022.
             Was an Initiate of Yredelemnul.
             Mangled by Maggie
             ... wielding a +1 scimitar of flaming
              (17 damage)
             ... on level 6 of the Dungeon on Mar 8, 2022.
             The game lasted 00:17:04 (8452 turns).

Zonian the Tainted (Demonspawn Ice Elementalist)    Turns: 8452, Time: 00:17:04

Health: -8/57      AC:  6    Str: 14    XL:     9   Next: 18%
Magic:  11/17      EV: 18    Int: 24    God:    Yredelemnul [......]
Gold:   243        SH:  5    Dex: 17    Spells: 12/19 levels left

rFire   . . .      SeeInvis .   t - +1 rapier (flame)
rCold   . . .      Faith    .   (no shield)
rNeg    . . .      Spirit   .   l - +3 leather armour of Omission {Str+6}
rPois   .          Reflect  +   (no helmet)
rElec   .          Harm     .   (no cloak)
rCorr   .          Rampage  .   (no gloves)
Will    .....                   (no boots)
Stlth   ++........              w - amulet of reflection
HPRegen 0.19/turn               k - +4 ring of evasion
MPRegen 0.15/turn               p - +6 ring of intelligence

@: freezing walls
A: claws 1, icemail 1, condensation shield, demonic magic 2
a: Renounce Religion, Recall Undead Harvest


You were on level 6 of the Dungeon.
You worshipped Yredelemnul.
Yredelemnul was noncommittal.
You visited 1 branch of the dungeon, and saw 6 of its levels.

You collected 243 gold pieces.

Inventory:

Hand Weapons
 e - a +0 spear
 g - a +1 dagger of venom
 i - a +0 short sword of protection
 m - a +0 fustibalus
 t - a +1 rapier of flaming (weapon)
Missiles
 h - 4 boomerangs
 j - 3 curare-tipped darts
Armour
 a - a +0 robe
 c - a +0 robe of cold resistance
 l - the +3 leather armour of Omission (worn) {Str+6}
   (You found it on level 5 of the Dungeon)

   Str:       It affects your strength (+6).
 s - an orb of wrath
 x - a +0 cloak
Jewellery
 k - a +4 ring of evasion (left claw)
 p - a +6 ring of intelligence (right claw)
 v - a ring of ice
 w - an amulet of reflection (around neck)
Wands
 d - a wand of digging (2)
 u - a wand of flame (15)
Potions
 b - 2 potions of magic
 f - 2 potions of curing
 o - a potion of berserk rage {unknown}
 q - a potion of degeneration
 r - a potion of brilliance


   Skills:
 + Level 4.1 Short Blades
 + Level 1.2 Armour
 + Level 5.5 Dodging
 - Level 1.7 Stealth
 + Level 5.5 Spellcasting
 + Level 6.3 Ice Magic
 + Level 6.6 Invocations


You had 12 spell levels left.
You knew the following spells:

 Your Spells              Type           Power      Damage    Failure   Level
a - Freeze                Ice            100%       1d11      1%          1
b - Frozen Ramparts       Ice            74%        1d9       2%          3
c - Ozocubu's Armour      Ice            37%        N/A       2%          3

Your spell library contained the following spells:

 Spells                   Type           Power      Damage    Failure   Level
 Hailstorm                Conj/Ice       21%        3d6       28%         4
 Call Canine Familiar     Summ           6%         N/A       30%         3
 Portal Projectile        Hex/Tloc       12%        N/A       30%         3
 Leda's Liquefaction      Hex/Erth       3%         N/A       71%         4


Dungeon Overview and Level Annotations

Branches:
Dungeon (6/15)             Temple (0/1) D:6

Altars:
Yredelemnul

Shops:
D:4 :*

Annotations:
D:1 1 runed translucent door
D:5 2 transporters, jfcaron's ghost, amateur KoHu
D:6 Maggie


Innate Abilities, Weirdness & Mutations

You have sharp fingernails.
A meltable icy envelope protects you from harm. (AC +0)
A meltable shield of frost defends you. (SH +0)
Spells you cast may paralyse nearby enemies.


Message History

You feel yourself speed up.
The wall freezes Maggie!
Maggie casts a spell at you. The bolt of fire hits you!!
The wraith resists.
The wall freezes the wraith.
You block the wraith's attack.
The wraith resists.
The wall freezes the wraith.
The wraith hits you!
* * * LOW HITPOINT WARNING * * *
The wraith drains your vigour!
You feel yourself slow down.
The wall freezes Maggie.
Maggie casts a spell.
Maggie attempts to bespell you!
You are mesmerised by Maggie!
The wall freezes the hound.
Your iguana zombie bites the wraith but does no damage.
Okay, then.
You aren't carrying any scrolls.
Unknown command.
Your magical effects are unravelling.
You feel magically purged.
You feel yourself speed up.
The frozen ramparts melt away.
You break out of your daze.
Maggie misses you. You block the wraith's attack.
Your iguana zombie barely misses the wraith.
Casting: Frozen Ramparts (dangerous; 2% risk of failure)
Confirm with . or Enter, or press ? or * to list all spells.
Casting: Frozen Ramparts (dangerous; 2% risk of failure)
Press: ? - help, Dir - look around, f - activate The walls around you are covered in ice.
Malevolent energies surge around you.
The wall freezes the hound.
The wraith resists.
The wall freezes the wraith.
The wraith hits you.
* * * LOW HITPOINT WARNING * * *
The wall freezes Maggie!
You block Maggie's attack.
Your iguana zombie bites the wraith.
The wall freezes the hound.
You hit the wraith but do no damage.
The wraith is almost destroyed.
The wall freezes Maggie.
Maggie hits you with a +1 scimitar of flaming!
You die...
Your body rises from the dead as a mindless zombie.

... ##... ###
.>.. .. ##... #.
#..# #.##.#
#.ZW.####
###.@@h...####
#.).#####....#
#..#......###..#
....##......# .#
............# ..
.. #...#....####
.# .
.#.#........# #
.
...#..#..##.#.#
....##..## ..#


You could see Maggie, a wraith (ally target), a hound and a friendly iguana
zombie.

Vanquished Creatures
  Pikel (D:4)
  Sigmund (D:5)
  Eustachio (D:4)
  A steam dragon (D:6)
  An ice beast (D:6)
  A black bear (D:5)
  3 ogres (D:5)
  A centaur (D:5)
  A phantom (D:5)
  A kobold brigand (D:3)
  A scorpion (D:5)
  A howler monkey (D:6)
  An orc priest (D:4)
  6 hounds
  A gnoll shaman (D:4)
  Ijyb (D:4)
  4 iguanas
  Terence (D:3)
  An orc wizard (D:3)
  4 gnolls (D:4)
  4 adders
  A shadow imp (D:6)
  3 worms
  2 dart slugs
  8 orcs
  7 ball pythons
  2 bats (D:2)
  7 endoplasms
  3 giant cockroaches
  5 goblins
  5 hobgoblins
  8 jackals
  2 quokkas
  3 frilled lizards
  10 kobolds
  4 rats
107 creatures vanquished.

Vanquished Creatures (collateral kills)
  A phantom (D:5)
  2 adders
  A worm (D:2)
  An orc (D:5)
  2 ball pythons
  A bat (D:2)
  An endoplasm (D:2)
  A giant cockroach (D:2)
  2 jackals (D:3)
  A quokka (D:5)
13 creatures vanquished.

Vanquished Creatures (others)
  A hound zombie (D:6)
  A goblin zombie (D:4)
  An iguana zombie (D:4)
  A spectral shadow imp (D:6)
  2 hobgoblin zombies (D:4)
  A kobold zombie (D:3)
  2 orc zombies (D:4)
  A quokka zombie (D:4)
  A rat zombie (D:3)
  A spectral endoplasm (D:2)
  2 withered plants (D:4)
14 creatures vanquished.

Grand Total: 134 creatures vanquished

Notes
Turn   | Place    | Note
-------+----------+-------------------------------------------
     0 | D:1      | Zonian the Demonspawn Ice Elementalist began the quest for
                  | the Orb.
     0 | D:1      | Reached XP level 1. HP: 13/13 MP: 3/3
     1 | D:1      | Found a runed translucent door.
   967 | D:1      | Gained mutation: Spells you cast may paralyse adjacent
                  | enemies. [demonic ancestry]
   967 | D:1      | Reached XP level 2. HP: 18/19 MP: 1/5
  1637 | D:1      | Found a faded altar of an unknown god.
  1667 | D:1      | Prayed at the altar of an unknown god.
  1667 | D:1      | Became a worshipper of Yredelemnul the Dark
  1672 | D:1      | Reached * piety under Yredelemnul
  2117 | D:2      | Reached XP level 3. HP: 24/24 MP: 1/6
  2727 | D:2      | Gained mutation: A meltable shield of frost defends you.
                  | (SH +0) [demonic ancestry]
  2727 | D:2      | Reached XP level 4. HP: 28/30 MP: 5/8
  2738 | D:2      | Reached ** piety under Yredelemnul
  3035 | D:2      | Learned a level 3 spell: Frozen Ramparts
  3039 | D:2      | Learned a level 3 spell: Ozocubu's Armour
  3712 | D:3      | Noticed Terence
  3816 | D:3      | Reached skill level 1 in Invocations
  4220 | D:3      | Noticed a kobold brigand
  4231 | D:3      | Killed a kobold brigand
  4232 | D:3      | Gained mutation: You have sharp fingernails. [demonic
                  | ancestry]
  4232 | D:3      | Reached XP level 5. HP: 22/35 MP: 5/9
  4558 | D:3      | Killed Terence
  4690 | D:3      | Reached *** piety under Yredelemnul
  4989 | D:3      | You fall into a shaft and drop 1 floor!
  5021 | D:4      | Found Naxu's Elemental Accessories.
  5090 | D:4      | Noticed a lemure
  5846 | D:4      | Found a basalt altar of Yredelemnul.
  5914 | D:4      | Gained mutation: Spells you cast may paralyse nearby
                  | enemies. [demonic ancestry]
  5914 | D:4      | Reached XP level 6. HP: 40/41 MP: 7/11
  5951 | D:4      | Noticed Ijyb
  5960 | D:4      | Killed Ijyb
  6394 | D:4      | Noticed Pikel
  6413 | D:4      | Killed Pikel
  6414 | D:4      | Reached skill level 5 in Ice Magic
  6414 | D:4      | Gained mutation: A meltable icy envelope protects you from
                  | harm. (AC +0) [demonic ancestry]
  6414 | D:4      | Reached XP level 7. HP: 41/46 MP: 6/13
  6671 | D:4      | Your ally Ijyb died
  6838 | D:4      | Noticed Eustachio
  6853 | D:4      | Killed Eustachio
  6985 | D:4      | Found Posocrevumn's Book Emporium.
  7038 | D:4      | Reached XP level 8. HP: 34/52 MP: 10/14
  7156 | D:5      | Entered Level 5 of the Dungeon
  7266 | D:5      | Reached skill level 5 in Invocations
  7329 | D:5      | Noticed Sigmund
  7348 | D:5      | Killed Sigmund
  7532 | D:5      | Reached skill level 5 in Spellcasting
  7597 | D:5      | Reached skill level 5 in Dodging
  7736 | D:5      | Found a transporter.
  7738 | D:5      | Found a transporter.
  7739 | D:5      | Noticed jfcaron's ghost (amateur KoHu)
  7975 | D:5      | Identified the +3 leather armour of Omission {Str+6}
  8387 | D:6      | Reached XP level 9. HP: 57/57 MP: 13/17
  8402 | D:6      | Found a staircase to the Ecumenical Temple.
  8429 | D:6      | Noticed Maggie
  8445 | D:6      | Reached skill level 1 in Armour
  8452 | D:6      | Mangled by Maggie

Illustrated notes

Levels and vault maps discovered:
D:1:      dpeg_arrival_caged_fury, layout_basic,
          shapermc_ecumenical_altar_mp_vishouse
D:2:      layout_basic, serial_rivers, chequers_serial_rivers_micro_c,
          chequers_serial_rivers_micro_b, chequers_serial_rivers_small_b,
          chequers_serial_rivers_small_3, chequers_serial_rivers_micro_b,
          chequers_serial_rivers_micro_c
D:3:      cheibrodos_thug_alley, layout_rooms, uniq_terence
D:4:      layout_rooms, yredelemnul_altar_generic, serial_shops, shop_fountains,
          glass_columns_a, nicolae_elemental_shop, uniq_eustachio, uniq_ijyb,
          uniq_pikel
D:5:      cheibrodos_helix_gallery, layout_basic, gammafunk_ghost_hive,
          kennysheep_generic_room_13, uniq_sigmund
D:6:      layout_rooms, minmay_temple_entry_mini_moons, uniq_maggie

Skill      XL: |  1  2  3  4  5  6  7  8  9 |
---------------+----------------------------+-----
Dodging        | 2 3 4 5 |  5.5
Ice Magic      | 4 5 6 |  6.3
Spellcasting   | 3 4 5 |  5.5
Invocations    | 1 2 4 6 |  6.6
Short Blades   | 2 3 4 |  4.1
Armour         | 1 |  1.2
Stealth        | |  1.7

Action                   |  1- 3 |  4- 6 |  7- 9 || total
-------------------------+-------+-------+-------++-------
Melee: Spear             |    54 |    25 |       ||    79
       Dagger            |       |   104 |    80 ||   184
       Punch             |       |     2 |     1 ||     3
       Rapier            |       |       |    26 ||    26
 Cast: Freeze            |    53 |     1 |     3 ||    57
       Frozen Ramparts   |       |     9 |     9 ||    18
       Ozocubu's Armour  |       |       |     3 ||     3
Invok: Recall Undead Har |       |     1 |       ||     1
  Use: Potion            |       |     1 |     2 ||     3
       Scroll            |       |     7 |     2 ||     9
 Stab: Sleeping          |     7 |     1 |     4 ||    12
       Paralysed         |     8 |     5 |     5 ||    18
Armor: Robe              |     8 |    12 |    19 ||    39
       Leather armour    |       |       |     5 ||     5
Dodge: Dodged            |    32 |    99 |    96 ||   227
Block: Other             |       |    19 |    26 ||    45

Table legend: (Time is in decaauts)
 A = Elapsed time spent in this place.
 B = Non-inter-level travel time spent in this place.
 C = Inter-level travel time spent in this place.
 D = Time resting spent in this place.
 E = Time spent auto-exploring this place.
 F = Levels seen in this place.
 G = Mean time per level.
                   A        B        C        D        E       F      G
               +--------+--------+--------+--------+--------+-----+--------+
         Total |   9140 |   8688 |    452 |   3502 |   3921 |   6 | 1523.3 |
       Dungeon |   9140 |   8688 |    452 |   3502 |   3921 |   6 | 1523.3 |
               +--------+--------+--------+--------+--------+-----+--------+

Top non-repeatable levels by time:
     D:1: 2071 daAuts
     D:3: 2046 daAuts
     D:2: 2002 daAuts
     D:4: 1533 daAuts
     D:5: 1404 daAuts
     D:6: 81 daAuts
